 Dungeon Crawl Stone Soup version 0.24.0-2-g5b39cebb1c (webtiles) character file.

Game seed: 17016846304632142786, levelgen mode: deterministic

1828925 inmateoo the Swordmaster (level 27, 229/229 HPs)
             Began as a Vampire Warper on Oct 31, 2019.
             Was an Initiate of Gozag.
             Escaped with the Orb
             ... and 3 runes!
             The game lasted 01:56:37 (66680 turns).

inmateoo the Swordmaster (Vampire Warper)          Turns: 66680, Time: 01:56:38

Health: 229/229    AC: 41    Str: 26    XL:     27
Magic:  26/26      EV: 17    Int: 18    God:    Gozag
Gold:   3667       SH: 21    Dex: 14    Spells: 34/42 levels left

rFire    + + +     SeeInvis +   N - +8 autumn katana {slice, Clar}
rCold    + + +     Gourm    .   V - +5 shield {reflect}
rNeg     + + .     Faith    .   B - +7 crystal plate armour "Remnyini" {rC+ MR+ Str+2}
rPois    .         Spirit   .   j - +3 helmet of the Sun {rF+++ rCorr MP-9 Dex-3}
rElec    +         Reflect  +   o - +2 cloak {MR+}
rCorr    +         Harm     .   R - +1 pair of gloves of Fashionability {Str+7 Stlth+}
MR       ++++.     Clarity  +   k - +2 pair of boots
Stlth    ..........             O - macabre finger necklace {rN+}
HPRegen  0.68/turn              I - +5 ring of slaying
MPRegen  0.20/turn              t - ring of Tegem {*Corrode rElec rC++ rN+ SInv}
                                L - ring of Jiqugg {Slay+6 SInv}

@: regenerating quickly
A: no food, fangs 3, see invisible, deformed body, unbreathing
0: Orb of Zot
}: 3/15 runes: serpentine, barnacled, silver
a: Exsanguinate, Potion Petition, Call Merchant, Bribe Branch, Renounce Religion


You escaped.
You worshipped Gozag.
Gozag was most pleased with you.
You were alive.

You visited 10 branches of the dungeon, and saw 52 of its levels.
You also visited: Ossuary and Bailey.

You collected 36261 gold pieces.
You spent 10345 gold pieces at shops.
You paid 22249 gold pieces to Gozag.

Inventory:

Hand Weapons
 a - the +7 Singing Sword {slice, sonic wave}
   (You found it on level 4 of the Dungeon)

   It inflicts extra damage upon your enemies.
 N - the +8 autumn katana (weapon) {slice, Clar}
   (You bought it in a shop on level 2 of the Orcish Mines)

   It inflicts extra damage upon your enemies.
   It protects you against confusion.
Missiles
 y - 8 throwing nets (quivered)
Armour
 j - the +3 helmet of the Sun (worn) {rF+++ rCorr MP-9 Dex-3}
   (You bought it in a shop on level 5 of the Depths)

   It affects your dexterity (-3).
   It renders you almost immune to fire.
   It affects your magic capacity (-9).
   It provides partial protection from all sources of acid and corrosion.
 k - a +2 pair of boots (worn)
 o - a +2 cloak of magic resistance (worn)
 B - the +7 crystal plate armour "Remnyini" (worn) {rC+ MR+ Str+2}
   (You found it on level 3 of the Elven Halls)

   It affects your strength (+2).
   It protects you from cold.
   It affects your resistance to hostile enchantments.
 R - the +1 pair of gloves of Fashionability (worn) {Str+7 Stlth+}
   (You found it on level 4 of the Depths)

   It affects your strength (+7).
   It makes you more stealthy.
 U - the +1 pair of gloves "Tumu" {rPois rC+ Int+5 Stlth-}
   (You found it on level 4 of the Depths)

   It affects your intelligence (+5).
   It protects you from cold.
   It protects you from poison.
   It makes you less stealthy.
 V - a +5 shield of reflection (worn)
Jewellery
 t - the ring of Tegem (right hand) {*Corrode rElec rC++ rN+ SInv}
   (You took it off a deep elf annihilator on level 3 of the Elven Halls)

   [ring of see invisible]

   It greatly protects you from cold.
   It insulates you from electricity.
   It protects you from negative energy.
   It lets you see invisible.
   It may corrode you when you take damage.
 I - a +5 ring of slaying (left hand)
 L - the ring of Jiqugg (on amulet) {Slay+6 SInv}
   (You bought it in a shop on level 5 of the Depths)

   [ring of see invisible]

   It affects your accuracy and damage with ranged weapons and melee attacks
   (+6).
   It lets you see invisible.
 O - the macabre finger necklace (around neck) {rN+}
   (You bought it in a shop on level 5 of the Depths)

   [amulet of nothing]

   It protects you from negative energy.
 Z - the ring of Music {rF++ rC- MR+ Dex+3}
   (You bought it in a shop on level 6 of the Lair of Beasts)

   [ring of dexterity]

   It affects your dexterity (+3).
   It greatly protects you from fire.
   It makes you vulnerable to cold.
   It affects your resistance to hostile enchantments.
Wands
 e - a wand of disintegration (20)
 m - a wand of random effects (114)
 w - a wand of polymorph (32)
 F - a wand of digging (11)
 P - a wand of paralysis (56)
 X - a wand of iceblast (18)
Scrolls
 d - 5 scrolls of blinking
 h - 14 scrolls of teleportation
 l - 5 scrolls of fog
 n - 28 scrolls of remove curse
 p - 9 scrolls of immolation
 v - a scroll of amnesia
 z - 3 scrolls of magic mapping
 A - 2 scrolls of enchant weapon
 J - 28 scrolls of identify
 Q - a scroll of summoning
 T - 8 scrolls of fear
Potions
 b - 8 potions of might
 f - 4 potions of mutation
 g - 2 potions of agility
 i - 27 potions of curing
 q - 11 potions of flight
 r - 2 potions of invisibility
 u - 3 potions of ambrosia
 x - 8 potions of cancellation
 C - 12 potions of brilliance
 D - 5 potions of haste
 H - 6 potions of berserk rage
 K - 6 potions of magic
 M - 6 potions of heal wounds
 S - 3 potions of resistance
Miscellaneous
 c - 3 phantom mirrors
 s - a lamp of fire
 G - a phial of floods


   Skills:
 * Level 21.5 Fighting
 O Level 27 Long Blades
 - Level 0.7 Throwing
 + Level 18.8 Armour
 + Level 23.2 Dodging
 + Level 18.6 Shields
 - Level 8.4 Spellcasting
 - Level 7.0 Charms
 - Level 4.1 Translocations
   Level 0.0 Invocations


You had 34 spell levels left.
You knew the following spells:

 Your Spells              Type           Power        Failure   Level  Hunger
a - Blink                 Tloc           N/A          38%         2    N/A
b - Shroud of Golubria    Chrm/Tloc      ####..       22%         2    N/A
c - Passage of Golubria   Tloc           N/A          95%         4    N/A

Your spell library contained the following spells:

 Spells                   Type           Power        Failure   Level  Hunger
 Infusion                 Chrm           ####         9%          1    N/A
 Song of Slaying          Chrm           ####....     12%         2    N/A
 Gell's Gravitas          Tloc           ###.......   63%         3    N/A
 Lesser Beckoning         Tloc           ###.......   63%         3    N/A
 Teleport Other           Tloc           ###.....     63%         3    N/A
 Regeneration             Chrm/Necr      ###.......   71%         3    N/A
 Spectral Weapon          Hex/Chrm       ###.....     71%         3    N/A
 Animate Skeleton         Necr           N/A          82%         1    N/A
 Beastly Appendage        Tmut           #.....       82%         1    N/A
 Confusing Touch          Hex            #.....       82%         1    N/A
 Corona                   Hex            #......      82%         1    N/A
 Flame Tongue             Conj/Fire      #....        82%         1    N/A
 Magic Dart               Conj           #...         82%         1    N/A
 Pain                     Necr           #...         82%         1    N/A
 Sandblast                Erth           #.....       82%         1    N/A
 Summon Small Mammal      Summ           #...         82%         1    N/A
 Portal Projectile        Hex/Tloc       ##....       88%         3    N/A
 Call Imp                 Summ           #.......     91%         2    N/A
 Corpse Rot               Necr           N/A          91%         2    N/A
 Ensorcelled Hibernation  Hex/Ice        #.....       91%         2    N/A
 Passwall                 Tmut/Erth      #.......     91%         2    N/A
 Slow                     Hex            #.......     91%         2    N/A
 Sticks to Snakes         Tmut           #.......     91%         2    N/A
 Sublimation of Blood     Necr           #.........   91%         2    N/A
 Throw Flame              Conj/Fire      #.....       91%         2    N/A
 Call Canine Familiar     Summ           #.......     99%         3    N/A
 Confuse                  Hex            #.......     99%         3    N/A
 Conjure Flame            Conj/Fire      #.......     99%         3    N/A
 Dazzling Spray           Conj/Hex       #.....       99%         3    N/A
 Ignite Poison            Fire/Tmut/Pois #.......     99%         3    N/A
 Inner Flame              Hex/Fire       #.......     99%         3    N/A
 Mephitic Cloud           Conj/Pois/Air  #.......     99%         3    N/A
 Spider Form              Tmut/Pois      #.........   99%         3    N/A
 Stone Arrow              Conj/Erth      #.....       99%         3    N/A
 Summon Guardian Golem    Hex/Summ       #.......     99%         3    N/A
 Tukima's Dance           Hex            #.......     99%         3    N/A
 Vampiric Draining        Necr           #.........   99%         3    N/A
 Force Lance              Conj/Tloc      ##......     99%         4    N/A
 Animate Dead             Necr           N/A          100%        4    N/A
 Cause Fear               Hex            #.........   100%        4    N/A
 Fulminant Prism          Conj/Hex       #.........   100%        4    N/A
 Ice Form                 Ice/Tmut       #.......     100%        4    N/A
 Leda's Liquefaction      Hex/Erth       #.........   100%        4    N/A
 Olgreb's Toxic Radiance  Pois           #.......     100%        4    N/A
 Petrify                  Tmut/Erth      #.......     100%        4    N/A
 Sticky Flame             Conj/Fire      #.......     100%        4    N/A
 Summon Ice Beast         Ice/Summ       #.......     100%        4    N/A
 Summon Lightning Spire   Summ/Air       #.......     100%        4    N/A
 Agony                    Necr           #.......     100%        5    N/A
 Alistair's Intoxication  Tmut/Pois      #.......     100%        5    N/A
 Aura of Abjuration       Summ           #.........   100%        5    N/A
 Blade Hands              Tmut           #.........   100%        5    N/A
 Bolt of Draining         Conj/Necr      #.........   100%        5    N/A
 Bolt of Magma            Conj/Fire/Erth #.........   100%        5    N/A
 Dispel Undead            Necr           #.......     100%        5    N/A
 Fireball                 Conj/Fire      #.........   100%        5    N/A
 Irradiate                Conj/Tmut      #.........   100%        5    N/A
 Iskenderun's Battlesphe  Conj/Chrm      ###.....     100%        5    N/A
 Lee's Rapid Deconstruct  Erth           #.........   100%        5    N/A
 Metabolic Englaciation   Hex/Ice        #.........   100%        5    N/A
 Silence                  Hex/Air        #.........   100%        5    N/A
 Summon Demon             Summ           #.........   100%        5    N/A
 Summon Forest            Summ/Tloc      ##........   100%        5    N/A
 Venom Bolt               Conj/Pois      #.........   100%        5    N/A
 Yara's Violent Unravell  Hex/Tmut       #.........   100%        5    N/A
 Bolt of Cold             Conj/Ice       #.........   100%        6    N/A
 Conjure Ball Lightning   Conj/Air       #.........   100%        6    N/A
 Deflect Missiles         Chrm/Air       ###.......   100%        6    N/A
 Dispersal                Tloc           ###.......   100%        6    N/A
 Freezing Cloud           Conj/Ice/Air   #.........   100%        6    N/A
 Iron Shot                Conj/Erth      #.........   100%        6    N/A
 Simulacrum               Ice/Necr       #.........   100%        6    N/A
 Statue Form              Tmut/Erth      #........    100%        6    N/A
 Haunt                    Necr/Summ      #.........   100%        7    N/A
 Ring of Flames           Chrm/Fire      ###.......   100%        7    N/A
 Controlled Blink         Tloc           N/A          100%        8    N/A
 Discord                  Hex            #.........   100%        8    N/A
 Disjunction              Tloc           ###.......   100%        8    N/A
 Infestation              Necr           #.........   100%        8    N/A
 Shatter                  Erth           #.........   100%        9    N/A
 Tornado                  Air            #.........   100%        9    N/A
 Borgnjor's Revivificati  Necr           Unusable     N/A         8    N/A
 Death's Door             Chrm/Necr      Unusable     N/A         8    N/A
 Necromutation            Tmut/Necr      Unusable     N/A         8    N/A

Dungeon Overview and Level Annotations

Branches:
Dungeon (15/15)            Temple (0/1) D:4            Lair (6/6) D:8
 Shoals (4/4) Lair:3        Snake (4/4) Lair:3        Slime (0/5) Lair:6
    Orc (2/2) D:11            Elf (3/3) Orc:2        Vaults (5/5) D:14
  Crypt (3/3) Vaults:2       Tomb (0/3) Crypt:3      Depths (5/5) D:15
    Zot (5/5) Depths:5    Ossuary (visited)          Bailey (visited)

Altars:
Dithmenos
Fedhas
Gozag
Kikubaaqudgha
Nemelex Xobeh
Qazlal
Ru
Sif Muna
Uskayaw
Vehumet
Yredelemnul
The Shining One
Jiyva

Shops:
D:15 *   Orc:1 *}(   Orc:2 ([((([*(}*   Elf:1 :   Lair:6 =*   Snake:2 [(
Snake:3 *   Vaults:3 (   Vaults:4 ***   Depths:4 ?[}   Depths:5 ==[[

Portals:
Hell: Depths:1 Depths:2 Depths:3 Depths:4 Depths:5
Abyss: Depths:1 Depths:4
Pandemonium: Depths:2 Depths:3 Depths:5
Ziggurat: Depths:1
Trove: Depths:5 (give +2 gold dragon scales)

Annotations:
Lair:6 1 runed translucent door, coffeespoons's ghost, journeyman DDFi
Elf:2 5 runed translucent doors


Innate Abilities, Weirdness & Mutations

You do not eat.
Your natural rate of healing is unusually fast.
You have razor-sharp teeth.
You have supernaturally acute eyesight. (SInv)
You can survive without breathing.
Armour fits poorly on your strangely shaped body.


Message History

You climb upwards.
There is a stone staircase leading down here.
There is a stone staircase leading up here.
You climb upwards.
There is a stone staircase leading down here.
You see here a +0 giant club.
There is a stone staircase leading up here.
You climb upwards.
There is a stone staircase leading down here.
There is a stone staircase leading up here.
You see here a +0 flail.
You climb upwards.
There is a stone staircase leading down here.
There is an escape hatch in the ceiling here.
A mysterious force pulls you upwards. The hatch slams shut behind you.
Quiver which item? (- for none, * to show all) (? for menu, Esc to quit)
Okay, then.
There is an open door here.
There is a staircase leading out of the dungeon here.
You have escaped!

#.#.##.# #.#.##.# ####.#.##.#
..........# ##.#.###### ##.#.#
...#.# ##.#.##############
##.#.###รท#8#.#8#@### #####
.....#8#+#.#+#.#'#8### #...#
...#.'.............).# #...#
#..#.'.............'.###...####
...###8#+#.#+#.#'#8#..........#
#.######.#8#.#8#.###..........#
#...###############........(..#
..#.................####...####
#...#####...###....## #...#


There were no monsters in sight!

Vanquished Creatures
  Mara (Vaults:5)
  2 orbs of fire
  An ancient lich (Zot:5)
  A juggernaut (Depths:4)
  Sojobo (Vaults:5)
  Boris (Crypt:2)
  Frederick (Vaults:5)
  Margery (Depths:4)
  Saint Roka (Vaults:5)
  2 Killer Klowns
  9 caustic shrikes
  The ghost of Dacon the Minotaur Blade, an adept MiGl of Gozag (Vaults:4)
  Nikola (Shoals:1)
  8 golden dragons
  Jory (Vaults:4)
  A profane servitor (Crypt:3)
  4 bone dragons
  6 liches
  3 electric golems
  Jorgrun (Orc:1)
  13 tentacled monstrosities
  5 titans
  An Ice Fiend (Zot:4)
  15 Orb Guardians
  5 quicksilver dragons
  An Executioner (Depths:2)
  The ghost of Lyfunof the Scorcher, an adept DrFE of Okawaru (Shoals:1)
  4 deep elf master archers (Elf:3)
  Polyphemus (Shoals:4)
  2 deep elf blademasters (Elf:3)
  2 krakens
  7 death cobs
  5 sphinxes
  An ancient champion (Crypt:3)
  19 tengu reavers
  11 shadow dragons
  Kirke (Shoals:1)
  6 revenants
  Donald (Crypt:2)
  11 storm dragons
  13 draconian monks
  7 nagarajas (Snake:4)
  15 fire giants
  2 azure jellies (Lair:6)
  10 draconian knights
  5 iron dragons
  2 ghost moths
  A fire giant (shapeshifter) (Vaults:3)
  A deep elf sorcerer (Elf:3)
  20 vault wardens
  2 ghouls
  8 draconian scorchers
  6 deep elf elementalists
  19 ironheart preservers
  16 frost giants
  6 draconian shifters
  29 very ugly things
  A caustic shrike skeleton (Depths:1)
  5 war gargoyles
  3 spriggan defenders
  2 entropy weavers
  8 draconian stormcallers
  26 stone giants
  8 deep elf demonologists
  7 draconian annihilators
  8 deep elf annihilators
  6 green draconians
  15 vampire knights
  8 yellow draconians
  9 purple draconians
  3 dire elephants (Zot:2)
  11 red draconians
  14 black draconians
  8 white draconians
  4 eidola
  16 deep elf death magi
  2 blizzard demons (Depths:2)
  4 merfolk javelineers
  Josephine (D:13)
  16 ettins
  A mummy priest (Crypt:1)
  21 jiangshi
  7 merfolk impalers
  A quicksilver dragon skeleton (Crypt:1)
  Fannar (D:10)
  7 deep elf high priests
  The ghost of Chainwhirler the Geomancer, a journeyman OpEE of Sif Muna (D:10)
  24 yaktaur captains
  11 great orbs of eyes
  6 naga warriors
  6 fire dragons
  A monstrous demonspawn (Depths:2)
  A great orb of eyes (shapeshifter) (Vaults:5)
  6 hydras
  Harold (D:8)
  A hell beast (Depths:2)
  5 rakshasas
  An anaconda (shapeshifter) (D:15)
  11 ice dragons
  34 vault guards
  3 spriggan air magi
  5 merfolk avatars
  Erolcha (D:13)
  19 ogre magi
  21 anacondas
  6 death knights
  6 merfolk aquamancers
  A queen ant (Lair:2)
  A catoblepas (Shoals:3)
  13 tengu warriors
  68 two-headed ogres
  13 death yaks
  A satyr (shapeshifter) (D:15)
  5 alligator snapping turtles
  9 centaur warriors
  7 deep troll earth magi
  5 orc high priests
  11 deep troll shamans
  3 vampire magi
  Urug (D:10)
  4 satyrs
  7 hell hogs
  14 hell knights
  3 spriggan berserkers
  The ghost of kernmantle the Covert, a novice OpWn of Vehumet (D:9)
  4 soul eaters
  7 naga sharpshooters
  9 shock serpents
  23 deep elf knights
  A sun demon (Depths:2)
  9 iron trolls
  11 sea snakes
  A salamander mystic (Snake:3)
  9 shadow wraiths
  A fire crab (Lair:6)
  18 skeletal warriors
  14 flayed ghosts
  6 unseen horrors
  41 deep trolls
  A gelid demonspawn (Depths:2)
  A glowing orange brain (shapeshifter) (Depths:4)
  5 glowing orange brains
  A spectral wolf spider (Crypt:3)
  18 harpies
  5 wizards
  6 naga ritualists
  8 phantasmal warriors
  A harpy (shapeshifter) (Depths:4)
  15 deep elf archers
  An obsidian statue (Vaults:4)
  15 orc knights
  Pikel (D:4)
  60 ugly things
  12 necromancers
  35 ironbrand convokers
  63 deep elf magi
  7 wolf spiders
  An iron dragon zombie (Crypt:1)
  4 mana vipers
  An orb spider (shapeshifter) (D:15)
  3 orc sorcerers
  15 fauns
  A salamander (shapeshifter) (D:15)
  7 salamanders
  A spectral ice dragon (Crypt:3)
  8 cyclopes
  22 manticores
  A faun (shapeshifter) (D:15)
  A frost giant zombie (Vaults:1)
  A fire giant skeleton (Depths:1)
  A stone giant zombie (Depths:1)
  A shadow dragon skeleton (Depths:1)
  10 elephants
  31 moths of wrath
  9 merfolk sirens
  Joseph (Lair:1)
  An elephant (shapeshifter) (Vaults:5)
  A rust devil (Depths:2)
  An iron dragon skeleton (Crypt:1)
  The ghost of Lanoc the Frost Mage, a novice OpIE of Cheibriados (D:6)
  The ghost of DevastatorOne the Cleaver, a novice MiBe of Trog (D:3)
  27 black mambas
  13 naga magi
  2 water nymphs
  11 guardian serpents
  A grey draconian zombie (Crypt:1)
  15 vault sentinels
  2 titan simulacra
  4 gargoyles
  2 spiny frogs (shapeshifter)
  26 spiny frogs
  2 human zombies
  A shock serpent skeleton (Crypt:1)
  64 yaktaurs
  2 efreet
  4 kobold demonologists
  2 ice devils (Depths:2)
  A redback zombie (Crypt:1)
  A rime drake (shapeshifter) (Vaults:4)
  A komodo dragon (shapeshifter) (Vaults:2)
  4 rime drakes
  16 freezing wraiths
  A pale draconian zombie (Crypt:2)
  3 komodo dragons
  A black draconian skeleton (Crypt:1)
  4 tengu conjurers
  A yaktaur (shapeshifter) (Vaults:4)
  A wandering mushroom (D:9)
  3 red devils
  4 tyrant leeches (Lair:6)
  A queen bee (Lair:1)
  33 merfolk
  8 trolls
  A hornet (shapeshifter) (Vaults:2)
  3 meliai
  11 wind drakes
  A harpy zombie (Crypt:1)
  5 hornets
  A hydra skeleton (Crypt:3)
  36 slime creatures
  16 hippogriffs
  10 snapping turtles
  A fire giant simulacrum (Vaults:3)
  12 dream sheep
  A guardian serpent skeleton (Crypt:2)
  20 blink frogs
  A snapping turtle (shapeshifter) (Vaults:5)
  59 flying skulls
  A deep troll skeleton (Depths:1)
  An ettin skeleton (Vaults:5)
  2 redbacks
  5 air elementals
  4 small abominations (Crypt:3)
  4 shadows
  A tarantella (shapeshifter) (Vaults:5)
  17 water elementals
  A centaur simulacrum (D:14)
  2 vampires
  2 spriggans (Depths:4)
  Sigmund (D:2)
  A ynoxinul (Depths:2)
  An elf zombie (Depths:1)
  A spriggan (shapeshifter) (D:14)
  Eustachio (D:3)
  20 wraiths
  3 hungry ghosts
  A tarantella (Vaults:3)
  4 wyverns
  A hog (shapeshifter) (Vaults:5)
  9 humans (Zot:2)
  53 yaks
  5 hogs (Shoals:1)
  7 basilisks
  A human (shapeshifter) (Vaults:5)
  4 fire elementals
  10 vampire mosquitoes
  A golden eye (shapeshifter) (D:14)
  A warg (shapeshifter) (Vaults:5)
  Menkaure (D:7)
  38 nagas
  5 wargs
  9 soldier ants
  A swamp worm (shapeshifter) (Vaults:5)
  14 water moccasins
  5 acid dragons
  A porcupine (shapeshifter) (Vaults:5)
  48 orc warriors
  2 floating eyes
  3 human skeletons
  7 porcupines
  5 ice beasts
  52 ogres
  An eye of draining (shapeshifter) (Vaults:5)
  A phantom (D:12)
  3 eyes of draining
  7 necrophages
  An ettin simulacrum (Vaults:2)
  4 sky beasts
  7 boggarts (D:15)
  23 centaurs
  11 crocodiles
  A lindwurm skeleton (Crypt:2)
  A swamp dragon skeleton (Crypt:1)
  2 big kobolds
  A komodo dragon zombie (Crypt:2)
  A salamander zombie (Crypt:2)
  26 bullfrogs
  2 earth elementals
  2 gnoll sergeants
  A water moccasin zombie (D:9)
  A wyvern skeleton (D:13)
  A queen bee zombie (Crypt:1)
  A troll zombie (Crypt:3)
  17 scorpions
  A human simulacrum (Vaults:2)
  2 electric eels
  9 jellies
  14 wights
  A howler monkey (D:4)
  A howler monkey (shapeshifter) (D:15)
  7 crimson imps
  4 quasits (D:3)
  A wyvern simulacrum (D:14)
  2 yaktaur simulacra
  7 centaur skeletons
  5 centaur zombies
  11 hounds
  Crazy Yiuf (D:4)
  3 bullfrog skeletons
  An iron imp (Depths:1)
  A porcupine zombie (Crypt:2)
  5 iguanas
  35 orc priests
  39 orc wizards
  Ijyb (D:4)
  Natasha (thrice) (D:2)
  24 worker ants
  A killer bee zombie (D:9)
  2 big kobold zombies (Ossuary)
  A naga skeleton (Crypt:2)
  An acid dragon skeleton (Crypt:2)
  A hound zombie (D:10)
  A hound skeleton (D:10)
  3 mummies (Ossuary)
  2 worker ant zombies
  6 gnolls
  18 adders
  5 scorpion zombies
  A howler monkey skeleton (D:9)
  6 shadow imps
  16 oozes
  2 adder skeletons
  A lava snake skeleton (Crypt:1)
  4 worms
  4 dart slugs
  5 leopard geckos
  139 orcs
  7 giant cockroaches
  2 gnoll zombies (Ossuary)
  10 goblins
  9 hobgoblins
  6 jackals (D:3)
  7 quokkas
  5 ball pythons
  10 bats
  8 frilled lizards
  3 hobgoblin zombies (Ossuary)
  13 kobolds
  2 kobold zombies (Ossuary)
  An orc zombie (Ossuary)
  3 quokka skeletons
  10 rats
  16 fungi
  27 plants
  9 tentacles
2869 creatures vanquished.

Vanquished Creatures (collateral kills)
  2 Killer Klowns (Zot:5)
  7 Orb Guardians (Zot:5)
  A draconian scorcher (Zot:5)
  A stone giant (Zot:5)
  A black draconian (Zot:5)
  A red draconian (Zot:5)
  A catoblepas (Zot:5)
  A moth of wrath (Zot:5)
15 creatures vanquished.

Vanquished Creatures (others)
  2 ancient liches (Zot:5)
  2 Killer Klowns (Zot:5)
  A golden dragon (Zot:5)
  An electric golem (Zot:5)
  A tentacled monstrosity (Zot:5)
  4 Orb Guardians (Zot:5)
  A quicksilver dragon (Depths:3)
  A fire giant (Zot:4)
  A vault warden (Vaults:5)
  A black draconian (Zot:5)
  A yellow draconian (Zot:5)
  A white draconian (Zot:5)
  A merfolk avatar (Shoals:1)
  19 dancing weapons
  A deep elf mage (Elf:1)
  A moth of wrath (Zot:5)
  4 yaktaurs (Vaults:5)
  A merfolk (Shoals:1)
  A snapping turtle (Shoals:1)
  A hippogriff (Shoals:1)
  2 hogs (Shoals:1)
  2 slaves (D:4)
  2 ogres
  2 scorpions (Ossuary)
  2 bats (D:4)
  24 fungi
  50 plants
  6 tentacles
136 creatures vanquished.

Grand Total: 3020 creatures vanquished

Notes
Turn   | Place    | Note
-------+----------+-------------------------------------------
     0 | D:1      | inmateoo the Vampire Warper began the quest for the Orb.
     0 | D:1      | Reached XP level 1. HP: 16/16 MP: 3/3
    40 | D:1      | Reached XP level 2. HP: 15/22 MP: 5/5
   128 | D:1      | Reached skill level 1 in Armour
   494 | D:1      | Reached XP level 3. HP: 27/27 MP: 6/6
   822 | D:2      | Noticed Sigmund
   831 | D:2      | Killed Sigmund
   831 | D:2      | Reached skill level 3 in Long Blades
   831 | D:2      | Reached XP level 4. HP: 25/34 MP: 6/8
   831 | D:2      | Reached XP level 5. HP: 28/39 MP: 6/9
   878 | D:2      | Found a faded altar of an unknown god.
   909 | D:2      | Noticed Natasha
   923 | D:2      | Killed Natasha
  1241 | D:2      | Noticed Natasha
  1266 | D:2      | Killed Natasha
  1266 | D:2      | Reached skill level 4 in Long Blades
  1266 | D:2      | Reached XP level 6. HP: 23/46 MP: 10/10
  1312 | D:2      | Noticed Natasha
  1331 | D:2      | Killed Natasha
  1895 | D:3      | Found a transporter.
  1952 | D:3      | Found an opulent altar of Gozag.
  1973 | D:3      | Became a worshipper of Gozag Ym Sagoz the Greedy
  2014 | D:3      | Noticed DevastatorOne's ghost (novice MiBe)
  2078 | D:3      | Found a transporter.
  2516 | D:5      | Entered Level 5 of the Dungeon
  2589 | D:5      | Noticed a sky beast
  2598 | D:5      | Killed a sky beast
  2660 | D:5      | Reached XP level 7. HP: 48/52 MP: 11/11
  2754 | D:5      | Found a sacrificial altar of Ru.
  2806 | D:5      | Found a sand-covered staircase.
  2815 | Ossuary  | Entered an ossuary
  3028 | Ossuary  | Reached skill level 5 in Long Blades
  4546 | D:4      | Reached XP level 8. HP: 38/60 MP: 13/13
  4624 | D:4      | Noticed Ijyb
  4647 | D:4      | Killed Ijyb
  4790 | D:4      | Noticed Eustachio
  4837 | D:3      | Reached skill level 6 in Long Blades
  4874 | D:3      | Killed Eustachio
  4874 | D:3      | Reached skill level 5 in Dodging
  5373 | D:4      | Found a staircase to the Ecumenical Temple.
  5433 | D:4      | Noticed Pikel
  5473 | D:4      | Killed Pikel
  5473 | D:4      | Reached skill level 7 in Long Blades
  5473 | D:4      | Reached XP level 9. HP: 49/66 MP: 14/16
  5568 | D:4      | Found the +7 Singing Sword {slice, sonic wave}
  5778 | D:4      | Found a runed translucent door.
  5779 | D:4      | Noticed Crazy Yiuf
  5788 | D:4      | Killed Crazy Yiuf
  5872 | D:6      | Found an ancient bone altar of Kikubaaqudgha.
  5909 | D:6      | Found a blossoming altar of Fedhas.
  5962 | D:6      | Reached skill level 5 in Fighting
  5962 | D:6      | Reached skill level 5 in Spellcasting
  6104 | D:6      | Found a runed translucent door.
  6105 | D:6      | Noticed Lanoc's ghost (novice OpIE)
  6124 | D:6      | Reached skill level 8 in Long Blades
  6149 | D:6      | Found a blossoming altar of Fedhas.
  6309 | D:6      | Found a shimmering blue altar of Sif Muna.
  6309 | D:6      | Found a radiant altar of Vehumet.
  6310 | D:6      | Found a stormy altar of Qazlal.
  6516 | D:6      | Killed Lanoc's ghost
  6571 | D:7      | Noticed Menkaure
  6584 | D:7      | Killed Menkaure
  6747 | D:7      | Reached skill level 5 in Armour
  6829 | D:7      | Reached XP level 10. HP: 74/76 MP: 17/17
  7062 | D:7      | Reached skill level 9 in Long Blades
  7295 | D:8      | Found a staircase to the Lair.
  7439 | D:8      | Noticed Harold
  7449 | D:8      | Killed Harold
  7449 | D:8      | Reached skill level 10 in Long Blades
  7457 | D:8      | Got a slimy ring mail
  7916 | D:8      | Identified the +5 ring mail "Pujucsoi" {*Drain rElec rPois
                  | Dex+5} (You found it on level 8 of the Dungeon)
  8092 | D:9      | Found a sacrificial altar of Ru.
  8156 | D:9      | Reached XP level 11. HP: 83/83 MP: 18/18
  8256 | D:9      | Noticed an oklob plant
  8873 | D:9      | Found a runed translucent gate.
  8874 | D:9      | Found a runed translucent gate.
  8874 | D:9      | Found a runed translucent gate.
  8875 | D:9      | Noticed kernmantle's ghost (novice OpWn)
  9099 | D:10     | Entered Level 10 of the Dungeon
  9099 | D:10     | Noticed a two-headed ogre
  9100 | D:10     | Killed a two-headed ogre
  9265 | D:10     | Noticed Fannar
  9272 | D:10     | Killed Fannar
  9272 | D:10     | Reached skill level 11 in Long Blades
  9406 | D:10     | Noticed Urug
  9422 | D:10     | Killed Urug
  9654 | D:10     | Found a large runed translucent door.
  9655 | D:10     | Found a large runed translucent door.
  9656 | D:10     | Noticed Chainwhirler's ghost (journeyman OpEE)
  9961 | D:11     | Noticed an unseen horror
  9970 | D:11     | Killed an unseen horror
 10114 | D:11     | Reached skill level 12 in Long Blades
 10240 | D:11     | Noticed a purple ugly thing
 10241 | D:11     | Noticed an unseen horror
 10245 | D:11     | Killed an unseen horror
 10245 | D:11     | Reached XP level 12. HP: 92/92 MP: 19/19
 10367 | D:11     | Noticed a two-headed ogre
 10374 | D:11     | Killed a two-headed ogre
 10532 | D:11     | Found a staircase to the Orcish Mines.
 10859 | D:12     | Reached skill level 10 in Dodging
 11284 | D:12     | Learned a level 2 spell: Blink
 11287 | D:12     | Learned a level 2 spell: Shroud of Golubria
 11292 | D:12     | Learned a level 4 spell: Passage of Golubria
 11706 | D:13     | Noticed a centaur warrior
 11716 | D:13     | Noticed a green very ugly thing
 11747 | D:13     | Reached skill level 1 in Charms
 11749 | D:13     | Noticed a tengu warrior
 11962 | D:13     | Noticed Erolcha
 12169 | Lair:1   | Entered Level 1 of the Lair of Beasts
 12228 | Lair:1   | Noticed Sonja
 12231 | Lair:1   | Noticed Sonja
 12231 | Lair:1   | Sonja changed into Sonja the queen bee
 12232 | Lair:1   | Killed Sonja the queen bee
 12409 | Lair:1   | Reached skill level 13 in Long Blades
 12723 | Lair:1   | Noticed Joseph
 12734 | Lair:1   | Killed Joseph
 12734 | Lair:1   | Reached skill level 1 in Shields
 13299 | Lair:2   | Noticed a queen ant
 13305 | Lair:2   | Killed a queen ant
 13305 | Lair:2   | Reached XP level 13. HP: 101/101 MP: 21/21
 13659 | Lair:2   | You fall into a shaft and drop 1 floor!
 13705 | Lair:3   | Found a staircase to the Shoals.
 13809 | Lair:3   | Found a staircase to the Snake Pit.
 13912 | Lair:3   | You fall into a shaft and drop 2 floors!
 16388 | Lair:6   | Entered Level 6 of the Lair of Beasts
 16441 | Lair:6   | Reached skill level 14 in Long Blades
 16458 | Lair:6   | Reached skill level 5 in Charms
 16460 | Lair:6   | Reached XP level 14. HP: 69/109 MP: 22/24
 17105 | Lair:6   | Reached skill level 10 in Fighting
 17128 | Lair:6   | Noticed coffeespoons's ghost (journeyman DDFi)
 17135 | Lair:6   | Found a runed translucent door.
 17561 | Lair:6   | Found a runed translucent door.
 17561 | Lair:6   | Found a viscous altar of Jiyva.
 17562 | Lair:6   | Noticed an azure jelly
 17563 | Lair:6   | Noticed an azure jelly
 17587 | Lair:6   | Found a staircase to the Slime Pits.
 17639 | Lair:6   | Found the +7 Kryia's mail coat {PotionHeal*2 rC+}
 17968 | D:10     | Got a jewelled great sword
 17974 | D:10     | Identified the +10 great sword of Ygodupomn {freeze, SInv}
                  | (You found it on level 10 of the Dungeon)
 18016 | D:10     | Killed Chainwhirler's ghost
 18199 | D:3      | Killed DevastatorOne's ghost
 18397 | D:9      | Killed kernmantle's ghost
 19001 | D:13     | Reached skill level 15 in Long Blades
 19121 | D:13     | Killed Erolcha
 19305 | D:13     | Noticed Josephine
 19314 | D:13     | Killed Josephine
 19436 | D:13     | Killed a green very ugly thing
 19436 | D:13     | Reached XP level 15. HP: 103/117 MP: 26/26
 19983 | D:14     | Found a gate to the Vaults.
 20139 | D:14     | Identified the +8 rapier "Jysegigh" {venom, Str+3}
 21260 | D:15     | Entered Level 15 of the Dungeon
 21285 | D:15     | Found a sparkling altar of Nemelex Xobeh.
 21510 | D:15     | Reached skill level 10 in Armour
 21678 | D:15     | Reached skill level 16 in Long Blades
 21964 | D:15     | Found a staircase to the Depths.
 22002 | D:15     | Found Peats's General Store.
 22034 | D:15     | Bought a +2 pair of gloves of strength for 344 gold pieces
 22034 | D:15     | Bought a scroll of blinking for 120 gold pieces
 22034 | D:15     | Identified a scroll of acquirement
 22035 | D:15     | Got a pair of twisted gloves
 22047 | D:15     | Identified the +2 pair of gloves of the Beginning {Str-5
                  | Slay+5 Stlth+} (You acquired it on level 15 of the Dungeon)
 22532 | Orc:1    | Entered Level 1 of the Orcish Mines
 22532 | Orc:1    | Found a flagged portal.
 22542 | Bailey   | Entered a bailey
 23036 | Orc:1    | Noticed Jorgrun
 23041 | Orc:1    | Reached XP level 16. HP: 125/125 MP: 28/28
 23051 | Orc:1    | Killed Jorgrun
 23162 | Orc:1    | Found Ijyc Jouwemp's Antique Weapon Shop.
 23356 | Orc:1    | Found Limingih's Assorted Antiques.
 23363 | Orc:1    | Found Vekie's Gadget Shop.
 23372 | Orc:1    | Bought a scroll of teleportation for 78 gold pieces
 23372 | Orc:1    | Bought a scroll of identify for 52 gold pieces
 23372 | Orc:1    | Bought a scroll of identify for 52 gold pieces
 23486 | Orc:2    | Entered Level 2 of the Orcish Mines
 23486 | Orc:2    | Found a staircase to the Elven Halls.
 23754 | Orc:2    | Found Viapas's Weapon Boutique.
 23754 | Orc:2    | Found Igearch's General Store.
 23760 | Orc:2    | Found Enyonixt's Gadget Shop.
 23767 | Orc:2    | Found Teleajyv's General Store.
 23783 | Orc:2    | Bought a scroll of teleportation for 45 gold pieces
 23783 | Orc:2    | Bought a potion of curing for 45 gold pieces
 23783 | Orc:2    | Bought a scroll of identify for 30 gold pieces
 23783 | Orc:2    | Bought a potion of heal wounds for 75 gold pieces
 23783 | Orc:2    | Bought a scroll of identify for 30 gold pieces
 23783 | Orc:2    | Bought a potion of curing for 45 gold pieces
 23830 | Orc:2    | Bought a potion of heal wounds for 50 gold pieces
 23830 | Orc:2    | Bought a potion of curing for 30 gold pieces
 24339 | Orc:2    | Bought the +8 autumn katana {slice, Clar} for 1853 gold
                  | pieces
 24339 | Orc:2    | Found the +8 autumn katana {slice, Clar}
 24494 | Snake:1  | Entered Level 1 of the Snake Pit
 25372 | Snake:2  | Reached skill level 17 in Long Blades
 25513 | Snake:2  | Found Egoiq's Armour Boutique.
 25521 | Snake:2  | Found Gevetzul's Antique Weapon Boutique.
 25538 | Snake:2  | Found a shadowy altar of Dithmenos.
 26859 | Snake:3  | Found Leneunau's Mass Market.
 27045 | Snake:4  | Entered Level 4 of the Snake Pit
 27744 | Snake:4  | Reached XP level 17. HP: 129/133 MP: 29/29
 28167 | Snake:4  | Reached skill level 18 in Long Blades
 28897 | Snake:4  | Got a serpentine rune of Zot
 29090 | Shoals:1 | Entered Level 1 of the Shoals
 29105 | Shoals:1 | Noticed Nikola
 29120 | Shoals:1 | Noticed Kirke
 29129 | Shoals:1 | Killed Nikola
 29327 | Shoals:1 | Killed Kirke
 29764 | Shoals:1 | Found a runed translucent door.
 29766 | Shoals:1 | Noticed Lyfunof's ghost (adept DrFE)
 30108 | Shoals:1 | Killed Lyfunof's ghost
 30108 | Shoals:1 | Reached skill level 15 in Dodging
 30455 | Shoals:2 | Found a glowing golden altar of the Shining One.
 30460 | Shoals:2 | Noticed a kraken
 30642 | Shoals:2 | Killed a kraken
 31003 | Shoals:2 | Reached XP level 18. HP: 49/143 MP: 12/30
 31285 | Shoals:3 | Reached skill level 5 in Shields
 31369 | Shoals:3 | Reached skill level 19 in Long Blades
 32323 | Shoals:4 | Entered Level 4 of the Shoals
 32850 | Shoals:4 | Noticed Polyphemus
 34025 | Shoals:4 | Killed Polyphemus
 34369 | Shoals:4 | Identified the Catalogue of Sinister Hexes
 34901 | Shoals:4 | Got a barnacled rune of Zot
 35085 | Lair:6   | Bought the ring of Music {rF++ rC- MR+ Dex+3} for 388 gold
                  | pieces
 35093 | Lair:6   | Bought a scroll of teleportation for 105 gold pieces
 35093 | Lair:6   | Bought a potion of heal wounds for 175 gold pieces
 35093 | Lair:6   | Bought a potion of resistance for 350 gold pieces
 35350 | Elf:1    | Entered Level 1 of the Elven Halls
 35369 | Elf:1    | Reached XP level 19. HP: 142/151 MP: 27/31
 35589 | Elf:1    | Found Jilem's Book Boutique.
 35702 | Elf:1    | Identified the Disquisition on the Escort
 36362 | Elf:2    | Reached skill level 20 in Long Blades
 36488 | Elf:2    | Identified the +1 plate armour of Pragmatism {SInv} (You
                  | acquired it on level 2 of the Elven Halls)
 36499 | Elf:2    | Reached XP level 20. HP: 158/158 MP: 32/32
 36802 | Elf:2    | Found a huge runed translucent gate.
 36802 | Elf:2    | Found a huge runed translucent gate.
 36802 | Elf:2    | Found a huge runed translucent gate.
 36802 | Elf:2    | Found a huge runed translucent gate.
 36802 | Elf:2    | Found a huge runed translucent gate.
 37016 | Elf:3    | Entered Level 3 of the Elven Halls
 37309 | Elf:3    | Identified the +11 trident "Demonbane" {holy, MR+ Dex+3}
 37845 | Elf:3    | Reached skill level 10 in Shields
 38773 | Elf:3    | Identified the ring of Tegem {*Corrode rElec rC++ rN+ SInv}
 39308 | Elf:3    | Identified the +4 short sword of Jerudiqa {venom, *Noise
                  | Dex+4}
 39582 | Elf:3    | Identified the ring "Tynurch" {+Fly rN+ Stlth+}
 39599 | Elf:3    | Identified the +3 whip of Retaokk {flame, +Blink rElec
                  | Str+3}
 39610 | Elf:3    | Reached XP level 21. HP: 85/166 MP: 19/33
 39774 | Elf:3    | Identified the +7 crystal plate armour "Remnyini" {rC+ MR+
                  | Str+2} (You found it on level 3 of the Elven Halls)
 39789 | Elf:3    | Identified the Collected Works on Igneous Contamination
 39826 | Elf:3    | Identified the Disquisition on Venomous Aid
 40191 | Vaults:1 | Entered Level 1 of the Vaults
 41075 | Vaults:1 | Reached skill level 21 in Long Blades
 42477 | Vaults:2 | Found a staircase to the Crypt.
 42837 | Vaults:2 | Reached skill level 15 in Fighting
 43373 | Vaults:2 | Reached XP level 22. HP: 175/175 MP: 34/34
 43738 | Vaults:3 | You fall into a shaft and drop 1 floor!
 44033 | Vaults:4 | Noticed Jory
 44049 | Vaults:4 | Killed Jory
 44298 | Vaults:4 | Reached skill level 22 in Long Blades
 44796 | Vaults:4 | Found a runed translucent gate.
 44796 | Vaults:4 | Found a runed translucent gate.
 44796 | Vaults:4 | Found a runed translucent gate.
 44796 | Vaults:4 | Found an opulent altar of Gozag.
 44799 | Vaults:4 | Found Ytooguw's Assorted Antiques.
 44799 | Vaults:4 | Noticed Dacon's ghost (adept MiGl)
 44871 | Vaults:4 | Found Gajud's Assorted Antiques.
 44910 | Vaults:4 | Bought a potion of haste for 420 gold pieces
 44910 | Vaults:4 | Bought a scroll of identify for 84 gold pieces
 44910 | Vaults:4 | Bought a potion of resistance for 420 gold pieces
 44910 | Vaults:4 | Bought a potion of agility for 168 gold pieces
 44910 | Vaults:4 | Bought a potion of cancellation for 336 gold pieces
 45036 | Vaults:4 | Found Ripponid's Assorted Antiques.
 45140 | Vaults:4 | Killed Dacon's ghost
 45198 | Vaults:4 | Bought a scroll of enchant armour for 247 gold pieces
 45198 | Vaults:4 | Bought a scroll of identify for 66 gold pieces
 45198 | Vaults:4 | Bought a scroll of identify for 66 gold pieces
 45198 | Vaults:4 | Bought a potion of might for 132 gold pieces
 45204 | Vaults:4 | Bought a scroll of identify for 52 gold pieces
 45204 | Vaults:4 | Bought a scroll of magic mapping for 91 gold pieces
 45204 | Vaults:4 | Bought a scroll of magic mapping for 91 gold pieces
 45204 | Vaults:4 | Bought a scroll of identify for 52 gold pieces
 45204 | Vaults:4 | Bought 2 potions of might for 208 gold pieces
 45818 | Vaults:3 | Reached XP level 23. HP: 168/183 MP: 33/35
 45819 | Vaults:3 | Found Epla's Weapon Emporium.
 46733 | Depths:1 | Entered Level 1 of the Depths
 46828 | Depths:1 | Found a gateway to a ziggurat.
 47199 | Depths:1 | Reached skill level 23 in Long Blades
 47483 | Depths:1 | Found a one-way gate to the infinite horrors of the Abyss.
 47779 | Depths:1 | Found a gateway to Hell.
 47880 | Depths:2 | Reached skill level 15 in Armour
 48751 | Depths:2 | Found a one-way gate leading to the halls of Pandemonium.
 48907 | Depths:2 | Found a hide-covered altar of Uskayaw.
 48907 | Depths:2 | Noticed a caustic shrike
 48907 | Depths:2 | Noticed a caustic shrike
 48920 | Depths:1 | Killed a caustic shrike
 49108 | Depths:1 | Killed a caustic shrike
 49322 | Depths:2 | Reached XP level 24. HP: 117/152 MP: 30/35
 50195 | Depths:3 | Paralysed by a floating eye for 3 turns
 51010 | Depths:4 | Noticed Margery
 51028 | Depths:4 | Killed Margery
 51028 | Depths:4 | Noticed a juggernaut
 51723 | Depths:4 | Found Muohesta's Magic Scroll Boutique.
 51725 | Depths:4 | Found Irutup's Armour Shop.
 51727 | Depths:4 | Found Itiwaek's Gadget Boutique.
 51743 | Depths:4 | Bought a scroll of magic mapping for 77 gold pieces
 51743 | Depths:4 | Bought a scroll of identify for 44 gold pieces
 51743 | Depths:4 | Bought a scroll of teleportation for 66 gold pieces
 51743 | Depths:4 | Bought a scroll of enchant armour for 165 gold pieces
 51743 | Depths:4 | Bought a scroll of identify for 44 gold pieces
 51743 | Depths:4 | Bought a scroll of blinking for 165 gold pieces
 51743 | Depths:4 | Bought a scroll of identify for 44 gold pieces
 51743 | Depths:4 | Bought a scroll of enchant armour for 165 gold pieces
 51743 | Depths:4 | Bought a scroll of enchant armour for 165 gold pieces
 51743 | Depths:4 | Bought a scroll of fog for 44 gold pieces
 52096 | Depths:5 | Entered Level 5 of the Depths
 52121 | Depths:5 | Reached skill level 24 in Long Blades
 52677 | Depths:5 | Reached XP level 25. HP: 54/160 MP: 15/35
 52745 | Depths:5 | Reached skill level 15 in Shields
 52951 | Depths:5 | Found a portal to a secret trove of treasure.
 53142 | Depths:5 | Found a gate to the Realm of Zot.
 53395 | Depths:5 | Bought the macabre finger necklace {rN+} for 920 gold
                  | pieces
 53395 | Depths:5 | Found the macabre finger necklace {rN+}
 53400 | Depths:5 | Bought the ring of Jiqugg {Slay+6 SInv} for 1085 gold
                  | pieces
 53403 | Depths:5 | Bought a shiny helmet for 307 gold pieces
 53417 | Depths:5 | Bought the +3 helmet of the Sun {rF+++ rCorr MP-9 Dex-3}
                  | for 754 gold pieces
 53652 | Depths:4 | Paralysed by a floating eye for 4 turns
 53985 | Depths:4 | Killed a juggernaut
 53999 | Depths:4 | Identified the +1 pair of gloves of Fashionability {Str+7
                  | Stlth+} (You found it on level 4 of the Depths)
 54250 | Depths:4 | Identified the +1 pair of gloves "Tumu" {rPois rC+ Int+5
                  | Stlth-} (You found it on level 4 of the Depths)
 54657 | Crypt:1  | Entered Level 1 of the Crypt
 55523 | Crypt:1  | Identified the Grimoire of Unholy Secrets
 56124 | Crypt:2  | Noticed Boris
 56130 | Crypt:2  | Killed Boris
 56341 | Crypt:2  | Noticed Donald
 56359 | Crypt:2  | Killed Donald
 56359 | Crypt:2  | Reached skill level 25 in Long Blades
 56959 | Crypt:3  | Entered Level 3 of the Crypt
 57205 | Crypt:3  | Found a basalt altar of Yredelemnul.
 57219 | Crypt:3  | Reached XP level 26. HP: 165/167 MP: 26/35
 57853 | Crypt:3  | Found a staircase to the Tomb.
 57940 | Crypt:3  | Identified the Guide on Beguiling and Orientation
 58056 | Crypt:3  | Identified Kikubaaqudgha's Grimoire of Evil
 58550 | Vaults:5 | Entered Level 5 of the Vaults
 58572 | Vaults:5 | Identified the amulet of Goutuck {Harm *Drain Dex+5 Stlth-}
 58585 | Vaults:5 | Noticed Mara
 58601 | Vaults:5 | Noticed Saint Roka
 58613 | Vaults:5 | Identified the +5 battleaxe "Qaickut" {pain, rElec Dex+2}
 58615 | Vaults:5 | Identified the ring of Greed {rF+ rC++ Int-4}
 58617 | Vaults:5 | Noticed Frederick
 58617 | Vaults:5 | Killed Mara
 58621 | Vaults:5 | Identified the ring "Gadde" {+Fly Int-3 SInv Stlth+}
 58647 | Vaults:5 | Reached skill level 26 in Long Blades
 58673 | Vaults:5 | Reached XP level 27. HP: 83/218 MP: 26/35
 58692 | Vaults:5 | Identified the cursed +1 falchion of a ziggurat {freeze,
                  | Int+2}
 58693 | Vaults:5 | Identified the +6 great mace of Suicidal Tendencies {crush,
                  | Int+6}
 58707 | Vaults:5 | Identified the +10 great sword "Ajosenugg" {venom, Dex+6}
 59000 | Vaults:5 | Killed Frederick
 59236 | Vaults:5 | Noticed Sojobo
 59256 | Vaults:5 | Killed Sojobo
 59334 | Vaults:5 | Killed Saint Roka
 59814 | Vaults:5 | Identified the Catalogue of Fiery Conjuration
 60108 | Vaults:5 | Got a silver rune of Zot
 60661 | Zot:1    | Entered Level 1 of the Realm of Zot
 61248 | Zot:2    | Noticed an orb of fire
 61253 | Zot:2    | Gained mutation: Armour fits poorly on your strangely
                  | shaped body. [an orb of fire]
 61256 | Zot:2    | Killed an orb of fire
 62297 | Zot:2    | Reached skill level 27 in Long Blades
 65653 | Zot:5    | Entered Level 5 of the Realm of Zot
 65868 | Zot:5    | Noticed an ancient lich
 65876 | Zot:5    | Killed an ancient lich
 65877 | Zot:5    | Noticed an orb of fire
 65888 | Zot:5    | Noticed an orb of fire
 65942 | Zot:5    | Noticed an orb of fire
 65944 | Zot:5    | Noticed an orb of fire
 65946 | Zot:5    | Noticed an orb of fire
 65950 | Zot:5    | Noticed an ancient lich
 65973 | Zot:5    | Killed an orb of fire
 65991 | Zot:5    | Killed an ancient lich
 65999 | Zot:5    | Got the Orb of Zot
 66680 | D:$      | Escaped with the Orb!

Levels and vault maps discovered:
D:1:      wander_arrival_abandoned_jail, layout_loops_cross, serial_park_tiny_1
D:2:      layout_rooms, chequers_ecumenical_altar_simple_redux,
          hangedman_abyss_or_decor_stabs, small_statue_intersection,
          kennysheep_cross_bottleneck, uniq_natasha, uniq_sigmund
D:3:      layout_rooms, first_ration, gammafunk_ghost_stat_death,
          minmay_splitting_lines, nicolae_gozag_cash_rules_everything_around_me
D:4:      old_forge, layout_loops_ring, minmay_temple_entry_proselytizer,
          uniq_pikel, uniq_eustachio, uniq_ijyb, uniq_crazy_yiuf_cottage
D:5:      layout_basic, lightli_ossuary_entry_decrepit_ruins, basic_altar
D:6:      layout_basic, gammafunk_temple_overflow_claw, old_standard_altar,
          kiku_gazebo_pond_becter, ebering_ghost_reflecting_pool,
          fedhas_altar_decomposition
D:7:      layout_basic, grunt_ogre_cave, uniq_menkaure
D:8:      layout_basic, minmay_lair_entry_grove, chequers_serial_rivers_small_a,
          uniq_harold
D:9:      lemuel_slime, layout_layer_cave, nicolae_ru_awakened_eye,
          gammafunk_ghost_spectres, serial_bayou_pond_e
D:10:     layout_roguey, ebering_ghost_disaster_area, uniq_urug, uniq_fannar
D:11:     layout_loops_corners, orc_0_dummy
D:12:     layout_long_grid
D:13:     cheibrodos_fzero, layout_gridville, portal_ice_cave_entry_pillars_2,
          uniq_erolcha, uniq_josephine
D:14:     layout_cave_pods, erik_vaults_1, small_statue_alley_a, minmay_orc_keep
D:15:     gammafunk_enter_depths_forms, layout_gridville,
          nemelex_xobeh_ov_fountains_minmay, serial_shops, shop
Lair:1:   layout_gridlike, grunt_forest_stairs_basic,
          chequers_serial_rivers_small_a, serial_bayou_shore_b,
          lemuel_fruit_fields, serial_bayou_shore_a, grunt_megastairs_2,
          serial_bayou_shore_b, uniq_sonja, uniq_joseph
Lair:2:   layout_chaotic_city, minmay_another_anthill, grunt_megastairs_1
Lair:3:   layout_regular_city, minmay_shoals_entry_centaurs,
          minmay_snake_entry_six_corridors, grunt_megastairs_4,
          lemuel_fruit_fields, serial_bayou_shore_b
Lair:4:   layout_gridlike, serial_bayou_lake_a
Lair:5:   layout_cave_pods, minmay_holes
Lair:6:   minmay_lair_end_frog_pond, layout_gridlike, slime_altar_2,
          hellmonk_ghost_happy_afterlife, serial_forest,
          infiniplex_forest_lined_3_way, infiniplex_forest_end_2,
          infiniplex_forest_lined_room_2, infiniplex_forest_straight_5,
          infiniplex_forest_end_1, infiniplex_forest_zigzag_2,
          infiniplex_forest_3_way, infiniplex_forest_lined_4_way,
          infiniplex_forest_clump_C
Shoals:1: layout_shoals, ebering_ghost_inner_flame, uniq_kirke, uniq_nikola
Shoals:2: layout_shoals, wheals_shoals_ruined_temple
Shoals:3: cheibrodos_shoals_baths, layout_shoals
Shoals:4: shoals_end_hangedman, layout_shoals, uniq_polyphemus
Snake:1:  layout_layer_cave, drop_trap
Snake:2:  layout_cave_town, serial_shops, nicolae_shop_waterfront,
          nicolae_shop_statue_plus, basic_altar, drop_trap
Snake:3:  layout_gridlike, minmay_shop_mass, serial_bayou_shore_b
Snake:4:  grunt_snake_rune_serpentine_throne, layout_cave_town,
          lemuel_fruit_tree
Orc:1:    layout_caves, serial_shops, shop, shop_fountains, shop,
          enter_bailey_2, uniq_jorgrun
Orc:2:    st_orc_mages, layout_caves
Elf:1:    elf_arrival_002, layout_onion_city, serial_shops, shop_statue,
          minmay_elf_demonology
Elf:2:    layout_geoelf_grid, uniq_asterion
Elf:3:    minmay_elf_hall_circle, layout_gridlike,
          minmay_the_grid_square_5x5_3x3_mashed
          [minmay_the_grid_square_5x5_minimal,
          minmay_the_grid_square_5x5_two_walls_a,
          minmay_the_grid_square_5x5_spiral_small,
          minmay_the_grid_square_5x5_moneybag,
          minmay_the_grid_square_5x5_megaprize_crossed,
          minmay_the_grid_square_5x5_checkered,
          minmay_the_grid_square_5x5_longway,
          minmay_the_grid_square_5x5_tri_point, minmay_the_grid_square_5x5_c]
Vaults:1: hangedman_vaults_slither, hangedman_vaults_nodes, vaults_room_boxed,
          ontoclasm_vaults_idyll, v_alt_pattern_6, v_misc_4,
          nicolae_vaults_little_ls, v_misc_15, vaults_dpeg_hooks, v_misc_22,
          v_misc_24, nicolae_vaults_border_crossing, ontoclasm_vaults_twist,
          layout_vaults_omnicross, serial_glass
Vaults:2: hangedman_vaults_unwind, v_rooms_6, v_pattern_2, v_misc_30,
          nicolae_vaults_network_star, st_quartered_hall,
          minmay_crypt_entry_simple_box, layout_vaults_chaotic_city
Vaults:3: hangedman_vaults_slice, nicolae_vaults_bisected_inception,
          vaults_mumra_minichess, nicolae_vaults_theta, grunt_vaults_trifunnel,
          vaults_room_large_hall, v_alt_pattern_2, v_misc_16,
          dpeg_vaults_monster_box, vaults_room_pools,
          vaults_room_stairs_pillars, layout_vaults_quadrants
Vaults:4: ebering_vaults_ghost_gozag, v_misc_9, v_misc_8, v_misc_24, v_misc_11,
          vaults_mumra_hex, nicolae_vaults_big_angled_halls, v_misc_22,
          ontoclasm_vaults_shout, grunt_vaults_bifocal, v_pattern_5, v_misc_10,
          hangedman_vaults_impose, hangedman_vaults_hat,
          ontoclasm_vaults_shuriken, layout_vaults_omnibox, serial_shops,
          nicolae_shop_crystal, uniq_jory
Vaults:5: uniq_frederick, uniq_sojobo, uniq_mara, uniq_saint_roka
Crypt:1:  layout_misc_corridors, special_room [special_room_morgue],
          ebering_dispersal_statue_hall, lemuel_freeze_loot_1,
          grunt_crypt_arrival_split
Crypt:2:  layout_catacombs, uniq_donald, uniq_boris
Crypt:3:  grunt_crypt_end_deaths_head
Depths:1: layout_basic, enter_ziggurat_a, abyss_entry_small_statue_room,
          grunt_hell_entry_dis_mu, minmay_misc_feat_x,
          kennysheep_generic_room_12
Depths:2: regret_index_uskayaw_diablada_macabre, layout_gridlike,
          serial_bayou_shore_b, rand_demon_pan_entry_8, pf_coc_iceberg,
          hex_large
Depths:3: minmay_distorted_concentric_squares, layout_cave_pools, pan_entry,
          pf_vacation_house_of_asmodeus, kennysheep_generic_room_11,
          minmay_staircase_statues
Depths:4: cheibrodos_leafed_vault, layout_twisted_cross, hell_entry,
          abyss_entry, minmay_shop_star, uniq_margery
Depths:5: evilmike_zot_entry_argh, layout_basic, hell_entry, enter_trove_1,
          pan_entry, skrybe_limestone_x, grunt_megastairs_3
Zot:1:    layout_misc_corridors, hangedman_zot_decor_unnerving_road
Zot:2:    circus_mu, layout_concentric_octagons
Zot:3:    layout_misc_corridors
Zot:4:    lemuel_halls_of_wrath, layout_onion, st_stairs_8
Zot:5:    layout_basic

Skill      XL: |  1  2  3  4  5  6  7  8  9 10 11 12 13 14 15 16 17 18 19 20 21 22 23 24 25 26 27 |
---------------+----------------------------------------------------------------------------------+-----
Armour         | 1 2 3 4 5 6 7 8 9 10 11 12 13 14 15 16 17 18 | 18.8
Fighting       | 2 3 4 5 6 8 9 10 11 12 13 14 15 16 17 18 21 | 21.5
Long Blades    | 3 4 5 7 8 10 12 13 14 15 16 17 18 19 20 21 22 23 24 25 26 27 | 27.0
Dodging        | 3 4 5 6 8 9 10 11 12 13 14 15 16 17 18 19 20 21 23 | 23.2
Spellcasting   | 3 4 5 6 7 8 |  8.4
Charms         | 2 5 7 |  7.0
Shields        | 1 4 8 9 10 12 13 14 15 16 18 | 18.6
Translocations | 4 |  4.1
Throwing       | |  0.7

Action                   |  1- 3 |  4- 6 |  7- 9 | 10-12 | 13-15 | 16-18 | 19-21 | 22-24 | 25-27 || total
-------------------------+-------+-------+-------+-------+-------+-------+-------+-------+-------++-------
Melee: Falchion          |    46 |       |   292 |       |       |       |       |       |       ||   338
       Bite              |     9 |    29 |    79 |    42 |   108 |   219 |   145 |   235 |   326 ||  1192
       Short sword       |    51 |   237 |    78 |       |       |       |       |       |       ||   366
       Dagger            |       |       |   127 |       |     9 |       |       |       |       ||   136
       Unarmed           |       |       |    21 |       |       |       |       |       |       ||    21
       Double sword      |       |       |    73 |   392 |   771 |  1249 |   960 |  1384 |  1380 ||  6209
       Katana            |       |       |       |       |       |    74 |    13 |    61 |   369 ||   517
 Cast: Blink             |       |       |       |       |       |     1 |     1 |       |       ||     2
Invok: Call Merchant     |       |       |       |       |       |     8 |       |       |     4 ||    12
       Bribe Branch      |       |       |       |       |       |       |       |       |     2 ||     2
 Abil: Exsanguinate      |       |       |       |       |       |       |       |     2 |     1 ||     3
       End Transformatio |       |       |       |       |       |       |       |       |     1 ||     1
       Bat Form          |       |       |       |       |       |       |       |       |     1 ||     1
       Revivify          |       |       |       |       |       |       |       |       |     2 ||     2
Evoke: Wand              |       |       |    15 |     5 |    51 |     2 |       |     1 |    18 ||    92
       Lamp of fire      |       |       |       |       |     2 |     3 |     3 |     3 |     4 ||    15
       Phial of floods   |       |       |       |       |       |       |     1 |     1 |     1 ||     3
  Use: Potion            |       |     1 |       |     2 |     3 |     3 |     6 |     6 |    11 ||    32
       Scroll            |       |     7 |    10 |    10 |    10 |     8 |    14 |     5 |    26 ||    90
 Stab: Distracted        |       |       |     2 |     7 |    10 |    18 |    13 |    16 |    29 ||    95
       Sleeping          |       |       |       |       |       |     7 |     3 |       |       ||    10
       Invisible         |       |       |       |       |       |       |     4 |       |       ||     4
Armor: Leather armour    |    12 |       |       |       |       |       |       |       |       ||    12
       Ring mail         |    20 |   123 |   203 |   131 |   182 |   329 |    67 |       |       ||  1055
       Skin              |       |       |     2 |       |       |       |       |       |       ||     2
       Crystal plate arm |       |       |       |       |       |       |   251 |   698 |   577 ||  1526
Dodge: Dodged            |    79 |   160 |   313 |   273 |   503 |   961 |   428 |   545 |   505 ||  3767
Block: Buckler           |       |       |       |    11 |   159 |   381 |   234 |   402 |    71 ||  1258
       Shield            |       |       |       |       |       |       |       |       |   901 ||   901
       Reflection        |       |       |       |       |       |       |       |       |    42 ||    42
       Rpst.: Falchion   |    12 |       |    39 |       |       |       |       |       |       ||    51
       Double sword      |       |       |    15 |    82 |   117 |   175 |    73 |    98 |    78 ||   638
       Katana            |       |       |       |       |       |     6 |     1 |     2 |    12 ||    21
